 Dungeon Crawl Stone Soup version 0.26-a0-812-g31a745ddcd (webtiles) character file.

Game seed: 18379743701763638261

71 Dracia the Skirmisher (level 4, -2/36 HPs)
             Began as a Demonspawn Monk on Dec 9, 2020.
             Was a Believer of Lugonu.
             Killed from afar by Robin (5 damage)
             ... with a puff of flame
             ... on level 2 of the Dungeon.
             The game lasted 00:04:55 (2450 turns).

Dracia the Skirmisher (Demonspawn Monk)             Turns: 2450, Time: 00:04:57

Health: -2/36      AC:  5    Str: 12    XL:     4   Next: 5%
Magic:  4/4        EV: 12    Int:  9    God:    Lugonu [**....]
Gold:   70         SH:  0    Dex: 11    Spells: 3/3 levels left

rFire    + . .     SeeInvis .     - Unarmed
rCold    . . .     Faith    .   (no shield)
rNeg     + . .     Spirit   .   d - +1 leather armour "Kumep" {rF+ rN+ rCorr Int-3}
rPois    .         Reflect  .   e - +0 helmet
rElec    .         Harm     .   (no cloak)
rCorr    +         Rampage  .   (no gloves)
MR       .....                  (no boots)
Stlth    +.........             (no amulet)
HPRegen  0.12/turn              (no ring)
MPRegen  0.09/turn              (no ring)

@: no status effects
A: claws 1, [clumsy 2], demonic guardian 1, [subdued magic 2]
a: Depart the Abyss, Bend Space, Renounce Religion


You were on level 2 of the Dungeon.
You worshipped Lugonu.
Lugonu was pleased with you.
You visited 1 branch of the dungeon, and saw 2 of its levels.
You visited the Abyss 1 time.

You collected 70 gold pieces.


Innate Abilities, Weirdness & Mutations

You have sharp fingernails.
A weak demonic guardian rushes to your aid.
[You are very clumsy. (Dex -4)]
[Your spells are easier to cast, but less powerful.]


   Skills:
 + Level 3.6 Fighting
 - Level 3.0 Polearms
 + Level 3.3 Dodging
 - Level 1.7 Stealth
 + Level 1.4 Unarmed Combat


You had 3 spell levels left.
You didn't know any spells.
Your spell library was empty.

Inventory:

Hand Weapons
 a - a +0 spear
Armour
 b - a +0 robe
 d - the +1 leather armour "Kumep" (worn) {rF+ rN+ rCorr Int-3}
   (You found it on level 1 of the Abyss)

   It affects your intelligence (-3).
   It protects you from fire.
   It protects you from negative energy.
   It provides partial protection from all sources of acid and corrosion.
 e - a +0 helmet (worn)
 g - a +0 scale mail
Scrolls
 f - a scroll of identify {@r1@r1}

Dungeon Overview and Level Annotations

Branches:
Dungeon (2/15)

Altars:
Ashenzari

Annotations:
D:2 Robin, Sigmund

#...#...!....
.............
#..............
#..............
#......).......
###.............. .
#........##..####
...#+###g.......##......
.....g)@....####........
......5b)ยง..............
........##..........###.
........##..........# #.
........##..........# #.
........###.....###.###.
..................#..##.
........................
........................


You could see Robin, a goblin (strong), a bat and a friendly ufetubus
(summoned).


Message History

Your ufetubus misses the hobgoblin.
The hobgoblin hits you but does no damage.
The goblin hits you but does no damage.
You barely miss the hobgoblin. The goblin closely misses you.
Your ufetubus barely misses the hobgoblin.
Your ufetubus hits the hobgoblin.
The hobgoblin dies!
Lugonu accepts your kill.
Your white imp closely misses the goblin.
The goblin hits you but does no damage. The hobgoblin closely misses you.
You scratch the hobgoblin.
The hobgoblin is almost dead.
The bat barely misses you. The bat hits you but does no damage.
The goblin hits you but does no damage.
Robin hits your ufetubus but does no damage.
The goblin closely misses you.
Your white imp hits the goblin.
Your white imp freezes the goblin.
The goblin dies!
Lugonu accepts your kill. The goblin barely misses you.
Your ufetubus hits the goblin.
The goblin dies!
Lugonu accepts your kill.
The hobgoblin hits you but does no damage.
You scratch the hobgoblin.
You kill the hobgoblin!
Lugonu accepts your kill.
Your white imp disappears in a puff of smoke!
The bat hits you but does no damage. The goblin hits you but does no damage.
Robin zaps a wand.
The puff of flame hits you. You resist.
You die...

Skill      XL: |  1  2  3 |
---------------+----------+-----
Polearms       | 3 |  3.0
Dodging        | 3 |  3.3
Unarmed Combat | 1 |  1.4
Fighting       | |  3.6
Stealth        | |  1.7

Action                   |  1- 3 |  4- 6 || total
-------------------------+-------+-------++-------
Melee: Spear             |    39 |       ||    39
       Unarmed           |   157 |     4 ||   161
Invok: Depart the Abyss  |     1 |       ||     1
  Use: Potion            |     1 |     1 ||     2
       Scroll            |     5 |       ||     5
 Stab: Sleeping          |     5 |       ||     5
       Distracted        |     1 |       ||     1
Armor: Robe              |    17 |       ||    17
       Scale mail        |    61 |       ||    61
       Leather armour    |    11 |     5 ||    16
Dodge: Dodged            |   149 |    10 ||   159

Levels and vault maps discovered:
D:1:      scummos_arrival_checkerplants, layout_loops_ring, st_stairs_7,
          palyth_stone_intersect
D:2:      layout_basic, ashenzari_altar_1, uniq_terence, uniq_robin,
          uniq_sigmund

Notes
Turn   | Place    | Note
-------+----------+-------------------------------------------
     0 | D:1      | Dracia the Demonspawn Monk began the quest for the Orb.
     0 | D:1      | Reached XP level 1. HP: 18/18 MP: 1/1
   401 | D:1      | Reached skill level 3 in Polearms
   401 | D:1      | Gained mutation: You have sharp fingernails. [demonic
                  | ancestry]
   401 | D:1      | Reached XP level 2. HP: 24/24 MP: 2/2
   918 | D:1      | Reached skill level 3 in Dodging
   920 | D:1      | HP: 2/24 [giant cockroach (1)]
  1578 | D:2      | Gained mutation: A weak demonic guardian rushes to your
                  | aid. [demonic ancestry]
  1578 | D:2      | Reached XP level 3. HP: 29/29 MP: 3/3
  1675 | D:2      | Found a broken altar of Ashenzari.
  1709 | D:2      | Noticed Terence
  1731 | D:2      | Killed Terence
  1731 | D:2      | Reached skill level 1 in Unarmed Combat
  2376 | D:2      | Noticed Sigmund
  2380 | D:2      | You are cast into the Abyss!
  2380 | D:2      | Cast into level 1 of the Abyss (Sigmund)
  2380 | Abyss:1  | Found a corrupted altar of Lugonu.
  2390 | Abyss:1  | Got a crude leather armour
  2401 | Abyss:1  | Identified the +1 leather armour "Kumep" {rF+ rN+ rCorr
                  | Int-3} (You found it on level 1 of the Abyss)
  2410 | Abyss:1  | Noticed a wretched star
  2419 | Abyss:1  | Became a worshipper of Lugonu the Unformed
  2419 | Abyss:1  | Reached * piety under Lugonu
  2419 | Abyss:1  | Reached ** piety under Lugonu
  2420 | D:2      | You pass through the gate.
  2420 | D:2      | Escaped the Abyss
  2437 | D:2      | Noticed Robin
  2445 | D:2      | Reached XP level 4. HP: 5/36 MP: 4/4
  2447 | D:2      | HP: 3/36 [goblin/+0 dagger[Robin] (2)]
  2450 | D:2      | Killed from afar by Robin

Vanquished Creatures
  A worm (D:2)
  2 leopard geckos
  4 giant cockroaches
  6 goblins
  6 hobgoblins
  2 jackals (D:2)
  7 bats
  3 frilled lizards
  7 kobolds
  5 rats
43 creatures vanquished.

Vanquished Creatures (collateral kills)
  Terence (D:2)
  4 goblins (D:2)
  2 hobgoblins (D:2)
  A rat (D:2)
8 creatures vanquished.

Vanquished Creatures (others)
  A frilled lizard (D:2)
1 creature vanquished.

Grand Total: 52 creatures vanquished

Table legend: (Time is in decaauts)
 A = Elapsed time spent in this place.
 B = Non-inter-level travel time spent in this place.
 C = Inter-level travel time spent in this place.
 D = Time resting spent in this place.
 E = Time spent auto-exploring this place.
 F = Levels seen in this place.
 G = Mean time per level.
                   A        B        C        D        E       F      G
               +--------+--------+--------+--------+--------+-----+--------+
         Total |   2445 |   2417 |     28 |    446 |   1515 |   3 |  815.0 |
       Dungeon |   2405 |   2377 |     28 |    446 |   1515 |   2 | 1202.5 |
         Abyss |     39 |     39 |      0 |      0 |      0 |   1 |   39.0 |
               +--------+--------+--------+--------+--------+-----+--------+

Top non-repeatable levels by time:
     D:1: 1567 daAuts
     D:2: 837 daAuts
 Abyss:1: 39 daAuts

Table legend:
 A = Non-vault XP
 B = Vault XP
 C = Vault XP percentage of total XP
 D = Non-vault monster count
 E = Vault monster count
 F = Vault count percentage of total count
                 A         B        C        D         E       F
            +---------+---------+-------+---------+---------+-------
      Total |      65 |      37 |  36.3 |      40 |      11 |  21.6
            +---------+---------+-------+---------+---------+-------
        D:1 |      37 |       2 |   5.1 |      24 |       1 |   4.0
        D:2 |      28 |      35 |  55.6 |      16 |      10 |  38.5
            +---------+---------+-------+---------+---------+-------
